 Dungeon Crawl Stone Soup version 0.32-a0-360-gcd93b57ba1 (webtiles) character file.

Game seed: 13673852754296834908

420 Goblin1989 the Cudgeller (level 6, -1/44 HPs)
             Began as a Coglin Gladiator on Feb 18, 2024.
             Slain by a gnoll
             ... wielding a +0 halberd
              (3 damage)
             ... on level 3 of the Dungeon.
             The game lasted 00:05:46 (2173 turns).

Goblin1989 the Cudgeller (Coglin Gladiator)         Turns: 2173, Time: 00:05:47

Health: -1/44      AC:  6    Str: 17    XL:     6   Next: 94%
Magic:  6/6        EV: 11    Int:  7    God:
Gold:   75         SH:  0    Dex: 15    Spells: 5/5 levels left

rFire   . . .        a - +0 flail {Lukas}
rCold   . . .        p - +0 flail {Hsekiu}
rNeg    . . .        o - +0 ring mail
rPois   .            c - +0 helmet
rElec   .            (no cloak)
rCorr   .            (no gloves)
SInv    .            (no boots)
Will    .....        (no amulet)
Stlth   +            (no ring)
HPRegen 0.27/turn    (no ring)
MPRegen 0.10/turn

%: no passive effects
@: brilliant, revving
A: off-hand wielding, slow wielding, warmup strikes, warmup strides
a: no special abilities


You were on level 3 of the Dungeon.
You visited 1 branch of the dungeon, and saw 3 of its levels.

You collected 75 gold pieces.

Inventory:

Hand Weapons
 a - a +0 flail (weapon) {Lukas}
 p - a +0 flail (worn) {Hsekiu}
Missiles
 d - 3 throwing nets (quivered) {!d , @Q1}
 e - a javelin
Armour
 c - a +0 helmet (worn)
 o - a +0 ring mail (worn)
Jewellery
 r - a +6 ring of strength
 t - a ring of magical power
Scrolls
 f - 7 scrolls of identify {unknown}
 h - a scroll of revelation {unknown}
 i - a scroll of torment {unknown}
 j - a scroll of brand weapon {unknown}
 m - a scroll of fog {unknown}
 n - a scroll of enchant weapon {unknown}
 q - a scroll of immolation {unknown}
 s - a scroll of teleportation {unknown}
 u - a scroll of vulnerability {unknown}
 v - a scroll of blinking {unknown}
 w - a scroll of amnesia {unknown}
Potions
 g - 3 potions of might {@q4}
 k - 2 potions of attraction


   Skills:
 - Level 2.0 Fighting
 + Level 6.9 Maces & Flails
 - Level 1.7 Throwing
 - Level 2.6 Dodging


You had 5 spell levels left.
You didn't know any spells.
Your spell library contained the following spells:

 Spells                   Type           Power      Damage    Failure   Level
 Dazzling Flash           Conj/Hex       0%         N/A       95%         3
 Fugue of the Fallen      Necr           0%         N/A       95%         3
 Ozocubu's Armour         Ice            0%         N/A       95%         3
 Volatile Blastmotes      Fire/Tloc      0%         2d10      95%         3
 Manifold Assault         Tloc           0%         N/A       100%        4
 Starburst                Conj/Fire      0%         6d3       100%        6
 Maxwell's Capacitive Co  Air            0%         ∞         100%        8


Dungeon Overview and Level Annotations

Branches:
Dungeon (3/15) Zot: 15712

Altars:
Trog

Annotations:
D:3 Natasha


Innate Abilities, Weirdness & Mutations

You can wield a second weapon in your off-hand.
It takes a long time for you to wield or remove held weapons.
Your first few attacks do less damage.
Your first movements take longer.


Message History

You barely miss the jackal with your +0 flail.
The jackal is severely wounded.
You hit the jackal with your +0 flail.
You kill the jackal!
Health restored: 44 No target in view!
No target in view!
No target in view!
No target in view!
No target in view!
No target in view!
No target in view!
No target in view!
No target in view!
No target in view!
No target in view!
No target in view!
No target in view!
No target in view!
w - a scroll labelled NAFUFY PAIW A gnoll is nearby!
The gnoll shouts!
There are monsters nearby!
The gnoll barely misses you.
You hit the gnoll but do no damage. You hit the gnoll with your +0 flail.
The gnoll hits you with a +0 spear. x2
You hit the gnoll with your +0 flail.
The gnoll is heavily wounded.
You thump the gnoll with your +0 flail!
You kill the gnoll!
You take 7 damage, and have 37/44 hp.
No target in view!
No target in view!
No target in view!
No target in view!
No target in view!
No target in view!
No target in view!
No target in view!
No target in view!
No target in view!
No target in view!
No target in view!
No target in view!
No target in view!
No target in view!
No target in view!
No target in view!
No target in view!
No target in view!
No target in view!
A gnoll is nearby!
You regained 2 hp, and now have 39/44 hp.
You see here a +0 spear.
The gnoll misses you.
You closely miss the gnoll with your +0 flail.
The gnoll shouts!
You sock the gnoll with your +0 flail! The gnoll hits you with a +3 halberd!
You take 16 damage, and have 24/44 hp.
MASSIVE DAMAGE!!
You are too injured to fight recklessly!
You are too injured to fight recklessly!
You are too injured to fight recklessly!
You are too injured to fight recklessly!
You are too injured to fight recklessly!
You are too injured to fight recklessly!
You are too injured to fight recklessly!
You are too injured to fight recklessly!
You are too injured to fight recklessly!
You are too injured to fight recklessly!
You are too injured to fight recklessly!
You are too injured to fight recklessly!
You are too injured to fight recklessly!
You are too injured to fight recklessly!
You are too injured to fight recklessly!
You are too injured to fight recklessly!
You are too injured to fight recklessly!
You are too injured to fight recklessly!
You are too injured to fight recklessly!
You barely miss the gnoll with your +0 flail.
The gnoll is almost dead.
You barely miss the gnoll with your +0 flail.
The gnoll hits you with a +3 halberd!
* * * LOW HITPOINT WARNING * * *
You take 13 damage, and have 11/44 hp.
MASSIVE DAMAGE!!
You closely miss the gnoll with your +0 flail.
The gnoll is almost dead.
You sock the gnoll with your +0 flail!
You kill the gnoll!
The gnoll attacks as it pursues you!
The gnoll hits you from afar with a +0 halberd!
* * * LOW HITPOINT WARNING * * *
The gnoll hits you but does no damage.
You take 9 damage, and have 3/44 hp.
MASSIVE DAMAGE!!
It was a potion of brilliance.
You feel clever all of a sudden. The gnoll barely misses you.
The gnoll hits you with a +0 halberd.
* * * LOW HITPOINT WARNING * * *
The gnoll hits you with a +0 halberd.
You die... █████ █...█████████ █.█..)....██. █...█████.██. ██.██ █.██. █████

█.█ ██.██.
█...█████████.█████...█.
█.....g@.).......█......
███...█████████...........
██..........████..█.█......
██...█.█.....██)...█.██...█.
██.............)))........██.
█.............██...██..).....
█...............███.█████..██.
█...........█.██.█ █.█ █.. █.
█.............█ .█ █.█


You could see a gnoll.

Vanquished Creatures
  Grinder (D:3)
  An orc priest (D:3)
  Natasha (twice) (D:3)
  2 gnolls (D:3)
  An adder (D:1)
  A dart slug (D:1)
  3 ribbon worms
  6 orcs (D:3)
  3 endoplasms
  4 giant cockroaches
  9 goblins
  5 hobgoblins
  4 jackals (D:3)
  3 quokkas
  A ball python (D:3)
  3 frilled lizards
  5 kobolds
  5 rats
59 creatures vanquished.

Notes
Turn   | Place    | Note
-------+----------+-------------------------------------------
     0 | D:1      | Goblin1989 the Coglin Gladiator began the quest for the
                  | Orb.
     0 | D:1      | Reached XP level 1. HP: 16/16 MP: 1/1
    97 | D:1      | Reached skill level 3 in Maces & Flails
    99 | D:1      | Reached XP level 2. HP: 18/22 MP: 2/2
   365 | D:1      | Reached XP level 3. HP: 27/27 MP: 3/3
   739 | D:2      | Reached skill level 4 in Maces & Flails
  1074 | D:2      | Reached XP level 4. HP: 33/33 MP: 4/4
  1457 | D:2      | Found a faded altar of an unknown god.
  1545 | D:3      | Noticed Natasha
  1547 | D:3      | Noticed Grinder
  1562 | D:3      | Killed Grinder
  1563 | D:3      | Reached skill level 6 in Maces & Flails
  1563 | D:3      | Reached XP level 5. HP: 7/38 MP: 5/5
  1563 | D:3      | Reached XP level 6. HP: 8/44 MP: 6/6
  1566 | D:3      | Killed Natasha
  1607 | D:3      | Noticed Natasha
  1612 | D:3      | Killed Natasha
  1980 | D:3      | Found a bloodstained altar of Trog.
  1980 | D:3      | Noticed Natasha
  2173 | D:3      | HP: 2/44 [gnoll/+0 halberd (2)]
  2173 | D:3      | Slain by a gnoll

Illustrated notes

Levels and vault maps discovered:
D:1:      psy_arrival_spokes, layout_basic
D:2:      layout_rooms, shapermc_ecumenical_altar_petra, hangedman_decor_points
D:3:      layout_loops_ring, mainiacjoe_overflow_cross_hatched, uniq_grinder,
          uniq_natasha

Skill      XL: |  1  2  3  4 |
---------------+-------------+-----
Maces & Flails | 3 4 6 |  6.9
Fighting       | |  2.0
Throwing       | |  1.7
Dodging        | |  2.6

Action                     |  1- 3 |  4- 6 || total
---------------------------+-------+-------++-------
  Melee: Flail             |    65 |   128 ||   193
    Use: Potion            |       |     3 ||     3
   Stab: Distracted        |     1 |       ||     1
 Armour: Leather armour    |    27 |       ||    27
         Ring mail         |     6 |    63 ||    69
  Dodge: Dodged            |    41 |    41 ||    82

Table legend: (Time is in decaauts)
 A = Elapsed time spent in this place.
 B = Non-inter-level travel time spent in this place.
 C = Inter-level travel time spent in this place.
 D = Time resting spent in this place.
 E = Time spent auto-exploring this place.
 F = Levels seen in this place.
 G = Mean time per level.
                   A        B        C        D        E       F      G
               +--------+--------+--------+--------+--------+-----+--------+
         Total |   2285 |   2151 |    134 |    338 |   1343 |   3 |  761.7 |
       Dungeon |   2285 |   2151 |    134 |    338 |   1343 |   3 |  761.7 |
               +--------+--------+--------+--------+--------+-----+--------+

Top non-repeatable levels by time:
     D:1: 964 daAuts
     D:3: 688 daAuts
     D:2: 632 daAuts
